 Dungeon Crawl Stone Soup version 0.29.1-13-g9f3cf754e1 (webtiles) character file.

Game seed: 8614140610519120208

7 tizbic2 the Shield-Bearer (level 1, 0/22 HPs)
             Began as a Troll Fighter on Feb 9, 2023.
             Succumbed to a goblin's poison
             ... on level 1 of the Dungeon.
             The game lasted 00:02:01 (342 turns).

tizbic2 the Shield-Bearer (Troll Fighter)            Turns: 342, Time: 00:02:02

Health: 0/22       AC:  4    Str: 23    XL:     1   Next: 91%
Magic:  0/0        EV:  8    Int:  4    God:
Gold:   15         SH:  7    Dex:  9    Spells: 0/0 levels left

rFire   . . .      SeeInvis .   a - +1 trident
rCold   . . .      Faith    .   c - +0 kite shield
rNeg    . . .      Spirit   .   b - +0 robe
rPois   .          Reflect  .   (helmet restricted)
rElec   .          Harm     .   (no cloak)
rCorr   .          Rampage  .   (gloves unavailable)
Will    .....                   (boots unavailable)
Stlth   +.........              (no amulet)
HPRegen 0.87/turn               (no ring)
MPRegen 0.07/turn               (no ring)

@: brilliant, lethally poisoned (0 -> -7)
A: large, unfitting armour, claws 3, regeneration 1, shaggy fur 1, tough skin 1
a: no special abilities


You were on level 1 of the Dungeon.
You visited 1 branch of the dungeon, and saw 1 of its levels.

You collected 15 gold pieces.

Inventory:

Hand Weapons
 a - a +1 trident (weapon)
Missiles
 j - 5 poisoned darts (quivered)
Armour
 b - a +0 robe (worn)
 c - a +0 kite shield (worn)
Potions
 d - a potion of might
 g - a potion of ambrosia {unknown}
 h - a potion of heal wounds {unknown}


   Skills:
 + Level 2.5 Fighting
 * Level 2.0 Polearms
 - Level 2.4 Dodging
 - Level 2.6 Shields


You couldn't memorise any spells.
You didn't know any spells.
Your spell library was empty.

Dungeon Overview and Level Annotations

Branches:
Dungeon (1/15)

Altars:


Innate Abilities, Weirdness & Mutations

You are too large for most types of armour.
You have claws for hands.
Your natural rate of healing is unusually fast.
You are covered in fur. (AC +1)
You have tough skin. (AC +1)


Message History

The hobgoblin is heavily wounded.
A goblin comes into view. It is wielding a +1 dagger of venom.
The hobgoblin barely misses you.
The goblin shouts!
You puncture the hobgoblin!
You kill the hobgoblin!
An endoplasm comes into view.
You barely miss the goblin. The goblin closely misses you.
The goblin hits you but does no damage.
You are poisoned.
You hit the goblin.
The goblin is severely wounded.
You feel very sick. You block the goblin's attack.
You closely miss the goblin.
The goblin is severely wounded.
You feel sick. The goblin hits you but does no damage.
You closely miss the goblin.
The goblin is severely wounded.
You feel sick. You block the goblin's attack.
The goblin hits you with a +1 dagger of venom.
You are more poisoned.
You barely miss the goblin.
The goblin is severely wounded.
You feel very sick.
The endoplasm jiggles.
The goblin hits you with a +1 dagger of venom.
You closely miss the goblin.
The goblin is severely wounded.
* * * LOW HITPOINT WARNING * * *
You feel very sick. The goblin closely misses you.
You feel sick. The goblin attacks as you move away!
The goblin hits you but does no damage.
You are lethally poisoned!
* * * LOW HITPOINT WARNING * * *
You feel very sick.
It was a potion of brilliance.
You feel clever all of a sudden.
You die...

......#+#.# # ......... #
....... ..... # .....
#.#.# # #. ... ##>#.# #
#.# #J# ..#.#### #.# #.#
#....## #####.####g#
+....## #........@.#
#######....## #..........#
........>..'.
#.........##########....##
#.........................
#.........################
#.........'.............#
#.........#############.#
#.........# #.#
#.........# #.#.


You could see an endoplasm and a goblin.

Vanquished Creatures
  An endoplasm (D:1)
  2 goblins (D:1)
  2 hobgoblins (D:1)
  A bat (D:1)
6 creatures vanquished.

Notes
Turn   | Place    | Note
-------+----------+-------------------------------------------
     0 | D:1      | tizbic2 the Troll Fighter began the quest for the Orb.
     0 | D:1      | Reached XP level 1. HP: 22/22 MP: 0/0
   342 | D:1      | Succumbed to a goblin's poison

Illustrated notes

Levels and vault maps discovered:
D:1:      sevenhm_arrival_forest_fort_small_3, layout_basic

Skill      XL: |  1 |
---------------+----+-----
Polearms       | 2 |  2.0
Fighting       | |  2.5
Dodging        | |  2.4
Shields        | |  2.6

Action                   || total
-------------------------++-------
Melee: Trident           ||    19
  Use: Scroll            ||     4
       Potion            ||     1
Armor: Robe              ||     4
Dodge: Dodged            ||     7
Block: Kite shield       ||     5
